 Dungeon Crawl Stone Soup version 0.26.0-10-g1f06aea511 (webtiles) character file.

Game seed: 13903107338057903987

35353 Borgoz the Fighter (level 13, -3/130 HPs)
             Began as a Gargoyle Berserker on Jan 18, 2021.
             Was a High Priest of Trog.
             Slain by a death yak (9 damage)
             ... on level 4 of the Lair of Beasts.
             The game lasted 00:19:59 (16454 turns).

Borgoz the Fighter (Gargoyle Berserker)            Turns: 16454, Time: 00:20:00

Health: -3/130     AC: 33    Str: 21    XL:     13   Next: 83%
Magic:  4/4        EV: 13    Int:  9    God:    Trog [*****.]
Gold:   1186       SH:  0    Dex: 19    Spells: 12/12 levels left

rFire    . . .     SeeInvis .   M - +5 demon whip "Spellbinder" {antimagic, Will+}
rCold    . . .     Faith    .   (no shield)
rNeg     + . .     Spirit   .   I - +0 plate armour
rPois    ∞         Reflect  .   F - +2 hood of the Assassin {Detection Stab+ Stlth++}
rElec    +         Harm     .   u - +0 cloak
rCorr    +         Rampage  .   w - +0 pair of gloves
Will     +....                  J - +2 pair of boots {Fly}
Stlth    ..........             (no amulet)
HPRegen  0.31/turn              D - ring of resist corrosion
MPRegen  0.09/turn              a - +6 ring of dexterity

@: berserking, flying, very quick
A: negative energy resistance 1, electricity resistance, unbreathing,
petrification resistance, miasma immunity, AC +9
a: Stop Flying, Renounce Religion, Berserk, Trog's Hand, Brothers in Arms


You were on level 4 of the Lair of Beasts.
You worshipped Trog.
Trog was extremely pleased with you.
You visited 3 branches of the dungeon, and saw 16 of its levels.
You also visited: Volcano.

You collected 1186 gold pieces.

Inventory:

Hand Weapons
 M - the +5 demon whip "Spellbinder" (weapon) {antimagic, Will+}
   (You found it on level 9 of the Dungeon)

   It reduces the magical energy of the wielder, and disrupts the spells and
   magical abilities of those hit.
   Natural abilities and divine invocations are not affected.
   It affects your willpower, your defense against some magical effects.
 O - a +4 vorpal great mace
Missiles
 L - a throwing net
Armour
 t - the +4 scale mail of Obbua {-Cast rF+++ Int+4 Dex-5}
   (You found it on level 3 of the Lair of Beasts)

   It affects your intelligence (+4).
   It affects your dexterity (-5).
   It renders you almost immune to fire.
   It prevents spellcasting.
 u - a +0 cloak (worn)
 w - a +0 pair of gloves (worn)
 F - the +2 hood of the Assassin (worn) {Detection Stab+ Stlth++}
   (You found it on level 8 of the Dungeon)

   It makes you much more stealthy.
 I - a +0 plate armour (worn)
 J - a +2 pair of boots of flying (worn)
Jewellery
 a - a +6 ring of dexterity (right hand)
 e - an uncursed ring of positive energy
 p - an uncursed ring of ice
 s - an uncursed ring of fire
 x - an uncursed ring of fire
 y - a +4 ring of protection
 D - a ring of resist corrosion (left hand)
Wands
 B - a wand of iceblast (11)
 G - a wand of paralysis (16)
 H - a wand of flame (61)
Scrolls
 b - 2 scrolls of acquirement {unknown}
 c - 4 scrolls of fear
 d - 7 scrolls of teleportation
 h - 3 scrolls of immolation {unknown}
 i - 2 scrolls of enchant armour {unknown}
 j - 9 scrolls of remove curse
 k - 3 scrolls of blinking {unknown}
 o - 4 scrolls of magic mapping
 r - 2 scrolls of random uselessness {unknown}
 A - 2 scrolls of fog {unknown}
 C - 3 scrolls of enchant weapon {unknown}
 E - 3 scrolls of noise {unknown}
 T - a scroll of summoning
 U - a scroll of vulnerability {unknown}
Potions
 f - 10 potions of lignification {unknown}
 g - 6 potions of might {unknown}
 l - a potion of invisibility
 m - 6 potions of curing
 n - 5 potions of heal wounds
 q - 4 potions of haste
 z - 2 potions of ambrosia
 K - a potion of magic
 Q - 4 potions of berserk rage
 R - a potion of mutation
 S - 2 potions of resistance


   Skills:
 + Level 12.5 Fighting
 * Level 12.4 Maces & Flails
 + Level 12.3 Armour
 * Level 10.4 Dodging


You had 12 spell levels left.
You didn't know any spells.
Your spell library was empty.

Dungeon Overview and Level Annotations

Branches:
Dungeon (11/15)            Temple (1/1) D:7            Lair (4/6) D:10
  Swamp (0/4) Lair:2        Snake (0/4) Lair:2          Orc (0/2) D:11
Volcano (visited)

Altars:
Ashenzari
Cheibriados
Dithmenos
Elyvilon
Fedhas
Gozag
Hepliaklqana
Kikubaaqudgha
Makhleb
Nemelex Xobeh
Okawaru
Qazlal
Ru
Sif Muna
Trog
Uskayaw
Vehumet
Wu Jian
Xom
Yredelemnul
Zin
The Shining One
Lugonu

Shops:
D:11 [


Innate Abilities, Weirdness & Mutations

You are resistant to torment.
Your stone body is resilient. (AC +9)
You are immune to poison.
You resist negative energy. (rN+)
You are resistant to electric shocks. (rElec)
You can survive without breathing.
You are immune to petrification.
You are immune to miasma.


Message History

The death yak gores you but does no damage.
You thrash the yak!!
You kill the yak!
Trog accepts your kill.
The death yak gores you but does no damage.
You whack the death yak!
The death yak is heavily wounded.
You hit the death yak.
The death yak is heavily wounded.
The death yak closely misses you.
You whack the death yak!
The death yak is severely wounded.
The death yak gores you!
* * * LOW HITPOINT WARNING * * *
You whack the death yak!
The death yak is severely wounded.
You hit the death yak.
The death yak is almost dead.
The death yak gores you!
You die...

.......#................
.........P.##...........
.........P..............
.........#..#.........##
............#...........
.......P.....#..........
.............##.........
..............#..Y....P#
................@Y....P.
........................
........................
........................
.<...........?..........
.............)..........
.........?..............
........................
.........


You could see 2 death yaks.

Vanquished Creatures
  2 hydras
  A centaur warrior (D:8)
  2 two-headed ogres
  2 death yaks (Lair:4)
  Urug (Lair:3)
  The ghost of DanlarScott the Digger, a novice TrEE of Sif Muna (D:9)
  An unseen horror (D:11)
  An orc knight (D:9)
  Pikel (D:8)
  3 ugly things
  5 oklob plants
  An orc sorcerer (Volcano)
  A will-o-the-wisp (Lair:2)
  5 elephants (Lair:3)
  A black mamba (Lair:2)
  A centaur zombie (D:11)
  A smoke demon (Volcano)
  7 cane toads
  A gargoyle (D:10)
  4 komodo dragons
  2 red devils (Volcano)
  5 trolls
  A hornet (D:11)
  4 polar bears (D:8)
  5 blink frogs
  2 centaur simulacra (D:9)
  2 wyverns
  A vampire (D:11)
  32 yaks
  2 steam dragons
  2 basilisks
  4 nagas (Lair:2)
  11 water moccasins
  2 hell hounds (Volcano)
  9 orc warriors
  3 sky beasts
  2 ice beasts
  A necrophage (D:10)
  A hornet zombie (D:5)
  7 black bears
  5 wolves
  An eye of draining (D:9)
  7 ogres
  7 centaurs
  10 bullfrogs
  A big kobold (D:9)
  2 scorpions
  3 wyvern skeletons
  2 water moccasin skeletons
  4 killer bees
  3 spectral bullfrogs (D:9)
  4 wights (D:6)
  5 howler monkeys
  5 electric eels
  5 jellies
  A quasit (D:9)
  A wyvern simulacrum (D:8)
  2 bullfrog skeletons
  4 bullfrog zombies
  3 hounds
  Crazy Yiuf (D:3)
  2 centaur skeletons
  7 orc priests
  10 orc wizards
  9 worker ants
  3 hound zombies
  A hound skeleton (D:5)
  7 gnolls
  12 adders
  A hound simulacrum (D:8)
  A shadow imp (D:10)
  8 white imps
  A worker ant simulacrum (D:8)
  3 ufetubi
  An ooze (D:1)
  An adder zombie (D:7)
  3 worms
  An adder simulacrum (D:8)
  8 leopard geckos
  49 orcs
  6 bats
  5 giant cockroaches
  6 hobgoblins
  9 jackals
  3 quokkas
  2 ball pythons
  4 frilled lizards
  15 goblins
  21 kobolds
  A leopard gecko skeleton (D:5)
  A quokka simulacrum (D:8)
  3 quokka skeletons
  6 rats
  A spectral orc (D:6)
427 creatures vanquished.

Vanquished Creatures (collateral kills)
  A basilisk (Lair:3)
1 creature vanquished.

Vanquished Creatures (others)
  30 fungi
  55 plants
85 creatures vanquished.

Grand Total: 513 creatures vanquished

Notes
Turn   | Place    | Note
-------+----------+-------------------------------------------
     0 | D:1      | Borgoz the Gargoyle Berserker began the quest for the Orb.
     0 | D:1      | Reached XP level 1. HP: 14/14 MP: 1/1
   150 | D:1      | Reached XP level 2. HP: 15/19 MP: 2/2
   455 | D:1      | Reached XP level 3. HP: 21/23 MP: 3/3
  1005 | D:2      | Reached ** piety under Trog
  1340 | D:2      | Reached XP level 4. HP: 26/29 MP: 4/4
  1384 | D:2      | Found a shimmering blue altar of Sif Muna.
  1384 | D:2      | Found a snail-covered altar of Cheibriados.
  1416 | D:2      | Found a glowing silver altar of Zin.
  1418 | D:2      | Found a shimmering altar of Xom.
  1419 | D:2      | Found a bloodstained altar of Trog.
  1517 | D:2      | Found a blossoming altar of Fedhas.
  1732 | D:3      | Reached XP level 5. HP: 18/33 MP: 5/5
  2211 | D:3      | Found a stormy altar of Qazlal.
  2214 | D:3      | Noticed a fire elemental
  2214 | D:3      | Noticed an air elemental
  2214 | D:3      | Noticed a water elemental
  2365 | D:3      | Found a hide-covered altar of Uskayaw.
  2755 | D:3      | Found a runed translucent door.
  2756 | D:3      | Noticed Crazy Yiuf
  2763 | D:3      | Killed Crazy Yiuf
  2871 | D:4      | Reached XP level 6. HP: 39/39 MP: 6/6
  3073 | D:4      | Got a slimy robe
  3739 | D:5      | Entered Level 5 of the Dungeon
  3755 | D:5      | Reached skill level 5 in Fighting
  3798 | D:5      | Reached XP level 7. HP: 44/44 MP: 7/7
  3816 | D:5      | Reached *** piety under Trog
  4240 | D:5      | Reached skill level 5 in Maces & Flails
  4245 | D:5      | Reached skill level 5 in Armour
  4530 | D:5      | Reached XP level 8. HP: 26/51 MP: 8/8
  4676 | D:5      | Found a burning altar of Makhleb.
  4676 | D:5      | Noticed an Executioner
  4894 | D:6      | You fall into a shaft and drop 2 floors!
  4894 | D:8      | Noticed a polar bear
  4913 | D:8      | Noticed a yak
  4914 | D:8      | Killed a polar bear
  4924 | D:8      | Killed a yak
  5592 | D:8      | Noticed a yak
  5612 | D:8      | Killed a yak
  5613 | D:8      | Reached XP level 9. HP: 27/57 MP: 9/9
  5981 | D:8      | Noticed a polar bear
  5982 | D:8      | Noticed a polar bear
  6104 | D:7      | Identified the +4 robe "Jotam" {*Corrode Slay+6} (You found
                  | it on level 4 of the Dungeon)
  6160 | D:7      | Reached skill level 5 in Dodging
  6404 | D:6      | Reached **** piety under Trog
  6634 | D:6      | Found an ancient bone altar of Kikubaaqudgha.
  6693 | D:6      | Found a glowing golden altar of the Shining One.
  7286 | D:6      | Found a basalt altar of Yredelemnul.
  7643 | D:7      | Got a polished scale mail
  7654 | D:7      | Identified the +0 scale mail of the Wary Teeth {-Tele rC++
                  | MP+9 Int+2} (You found it on level 7 of the Dungeon)
  7723 | D:7      | Found a staircase to the Ecumenical Temple.
  7730 | Temple   | Entered the Ecumenical Temple
  7829 | D:8      | Killed a polar bear
  7835 | D:8      | Killed a polar bear
  7946 | D:8      | Noticed a polar bear
  7964 | D:8      | Killed a polar bear
  8272 | D:8      | Noticed Pikel
  8279 | D:8      | Killed Pikel
  8280 | D:8      | Reached XP level 10. HP: 65/65 MP: 10/10
  8503 | D:8      | Noticed a centaur warrior
  8505 | D:8      | Found the +2 hood of the Assassin {Detection Stab+ Stlth++}
  8523 | D:8      | Killed a centaur warrior
  8858 | D:9      | Noticed a two-headed ogre
  8873 | D:9      | Killed a two-headed ogre
  9249 | D:9      | Found a runed translucent gate.
  9250 | D:9      | Found a runed translucent gate.
  9250 | D:9      | Found a runed translucent gate.
  9252 | D:9      | Noticed DanlarScott's ghost (novice TrEE)
  9253 | D:9      | Found the +5 demon whip "Spellbinder" {antimagic, Will+}
  9289 | D:9      | Reached XP level 11. HP: 71/71 MP: 11/11
  9422 | D:9      | Noticed an orc knight
  9435 | D:9      | Reached ***** piety under Trog
  9445 | D:9      | Killed an orc knight
  9525 | D:9      | Reached skill level 10 in Fighting
  9575 | D:9      | Noticed a purple ugly thing
  9590 | D:9      | Killed a purple ugly thing
 10088 | D:9      | Found a hazy altar of Hepliaklqana.
 10260 | D:9      | Received a gift from Trog
 10282 | D:9      | Killed DanlarScott's ghost
 10283 | D:9      | Reached skill level 10 in Armour
 10345 | D:10     | Entered Level 10 of the Dungeon
 10820 | D:10     | Found a staircase to the Lair.
 11001 | D:11     | Noticed a two-headed ogre
 11001 | D:11     | Noticed a red ugly thing
 11018 | D:11     | Killed a red ugly thing
 11023 | D:11     | Found Dixea's Armour Boutique.
 11032 | D:11     | Killed a two-headed ogre
 11033 | D:11     | Reached skill level 10 in Maces & Flails
 11033 | D:11     | Reached XP level 12. HP: 65/79 MP: 4/12
 11704 | D:11     | Received a gift from Trog
 11790 | D:11     | Found a staircase to the Orcish Mines.
 11929 | Lair:1   | Entered Level 1 of the Lair of Beasts
 12174 | Lair:1   | Noticed a six-headed hydra
 12193 | Lair:1   | Killed a six-headed hydra
 13805 | Lair:1   | Got a steaming quarterstaff
 13971 | Lair:2   | Reached XP level 13. HP: 69/85 MP: 4/13
 14162 | Lair:2   | Found a staircase to the Swamp.
 14536 | Lair:2   | Found a staircase to the Snake Pit.
 15269 | Lair:3   | Noticed Urug
 15280 | Lair:3   | HP: 2/129 [Urug/+1 halberd of flaming (14)]
 15283 | Lair:3   | Killed Urug
 15410 | Lair:3   | Reached skill level 10 in Dodging
 15458 | Lair:3   | Got a heavily runed scale mail
 15500 | Lair:3   | Found a dark tunnel.
 15520 | Lair:3   | Identified the +4 scale mail of Obbua {-Cast rF+++ Int+4
                  | Dex-5} (You found it on level 3 of the Lair of Beasts)
 15525 | Volcano  | Entered a volcano
 16452 | Lair:4   | HP: 6/130 [death yak (12)]
 16454 | Lair:4   | Slain by a death yak

Illustrated notes

Levels and vault maps discovered:
D:1:      kennysheep_arrival_seaside, layout_basic
D:2:      layout_rooms, overflow_temple_1_default,
          chequers_temple_overflow_minitemple
D:3:      layout_loops_ring, nicolae_qazlal_style_of_elements,
          lemuel_crystal_altar, uniq_crazy_yiuf_cottage
D:4:      layout_basic
D:5:      corexii_shack_village, layout_basic, makhleb_altar_promises_db,
          chequers_decorated_corner, guppyfry_early_lair_pool
D:6:      layout_basic, kennysheep_mini, general_overflow_altar,
          yredelemnul_forgotten_temple_becter, chequers_big_river, minivault_19
D:7:      layout_basic, minmay_temple_entry_purple_smoke
D:8:      minmay_the_grid_octo_triangle [minmay_the_grid_octo_concentric,
          minmay_the_grid_octo_prize_big_c, minmay_the_grid_octo_empty],
          layout_cave_pools, serial_ice, serial_ice_m, serial_ice_o,
          serial_ice_n, serial_ice_g, serial_ice_h, serial_ice_l, serial_ice_b,
          serial_ice_a, hangedman_decor_opposing, uniq_pikel
D:9:      nzn_winding_woodlands_medium [nzn_winding_woodlands_5x5_open_star,
          nzn_winding_woodlands_5x15_longhouse, nzn_winding_woodlands_5x5_cross,
          nzn_winding_woodlands_hourglass, nzn_winding_woodlands_center_lodge,
          nzn_winding_woodlands_5x5_default, nzn_winding_woodlands_5x5_three,
          nzn_winding_woodlands_5x15_parted,
          nzn_winding_woodlands_5x5_checkerboard], layout_gridville,
          nzn_hepliaklqana_mist_gate, gammafunk_ghost_necromancy
D:10:     layout_cave_pools, due_lair_maze_entry_diamond
D:11:     layout_loops_ring, david_orc_4, serial_shops, shop
Temple:   corrupted_temple
Lair:1:   layout_misc_corridors, minmay_lair_oklob_chamber
Lair:2:   layout_cave_pods, minmay_swamp_entry_wisps,
          guppyfry_snake_entry_island
Lair:3:   layout_misc_corridors, enter_volcano_2, lemuel_old_faithful,
          serial_bayou_shore_b, lemuel_fruit_tree, uniq_urug
Lair:4:   layout_gridlike, uniq_josephine

Skill      XL: |  1  2  3  4  5  6  7  8  9 10 11 12 13 |
---------------+----------------------------------------+-----
Dodging        | 2 3 4 6 7 8 9 10 | 10.4
Armour         | 3 4 5 6 8 9 10 11 12 | 12.3
Fighting       | 4 5 7 8 9 10 11 12 | 12.5
Maces & Flails | 4 5 6 7 8 10 11 12 | 12.4

Action                   |  1- 3 |  4- 6 |  7- 9 | 10-12 | 13-15 || total
-------------------------+-------+-------+-------+-------+-------++-------
Melee: Mace              |   112 |   146 |       |       |       ||   258
       Flail             |       |    19 |   420 |   342 |       ||   781
       Demon whip        |       |       |       |   489 |   371 ||   860
Invok: Berserk           |     1 |     7 |     8 |    12 |     2 ||    30
       Trog's Hand       |       |       |       |       |     2 ||     2
  Use: Scroll            |       |     7 |     6 |     5 |     2 ||    20
       Potion            |       |       |       |     1 |     1 ||     2
 Stab: Sleeping          |       |     1 |       |       |     1 ||     2
Armor: Animal skin       |    60 |    64 |   109 |       |       ||   233
       Plate armour      |       |       |   182 |   630 |   151 ||   963
       Scale mail        |       |       |       |       |    37 ||    37
Dodge: Dodged            |    98 |   130 |   314 |   428 |   157 ||  1127
